 Dungeon Crawl Stone Soup version 0.30-b1-2-g02819fbbbe (webtiles) character file.

Game seed: 135486041446890504

1131 redmage the Geomancer (level 8, -4/57 HPs)
             Began as a Meteoran Earth Elementalist on Aug 9, 2023.
             Was an Initiate of Cheibriados.
             Killed from afar by an orc wizard (7 damage)
             ... with a magic dart
             ... on level 6 of the Dungeon.
             The game lasted 00:14:08 (996 turns).

redmage the Geomancer (Meteoran Earth Elementalist)  Turns: 996, Time: 00:14:10

Health: -4/57      AC:  2    Str: 10    XL:     8   Next: 94%
Magic:  23/23      EV: 13    Int: 20    God:    Cheibriados [......]
Gold:   161        SH:  0    Dex: 16    Spells: 8/14 levels left

rFire   . . .        (no weapon)
rCold   . . .        (no shield)
rNeg    . . .        a - +0 robe
rPois   .            (no helmet)
rElec   .            (no cloak)
rCorr   .            (no gloves)
SInv    .            (no boots)
Will    +....        (no amulet)
Stlth   +            r - ring of magical power
HPRegen 0.29/turn    (no ring)
MPRegen 0.18/turn

%: no passive effects
@: confused, attractive, glowing, very slow
A: sense surroundings 1, otherworldly, glowing, explore regen
a: Renounce Religion


You were on level 6 of the Dungeon.
You worshipped Cheibriados.
Cheibriados was noncommittal.
You visited 2 branches of the dungeon, and saw 8 of its levels.
You also visited: Sewer.

You collected 161 gold pieces.

Inventory:

Hand Weapons
 p - a +0 vampiric long sword
Missiles
 l - a throwing net
 m - a silver boomerang
Armour
 a - a +0 robe (worn)
Jewellery
 c - a ring of ice
 r - a ring of magical power (left hand)
Scrolls
 i - a scroll of teleportation
 o - a scroll of amnesia {unknown}
 q - a scroll of identify
Potions
 e - 3 potions of flight
 f - a potion of heal wounds {unknown}
 g - a potion of attraction
 h - a potion of ambrosia {unknown}
 j - a potion of haste {unknown}
 k - a potion of might {unknown}
 n - a potion of cancellation {unknown}


   Skills:
 - Level 2.6 Dodging
 - Level 1.5 Stealth
 + Level 3.7 Spellcasting
 - Level 7.8 Conjurations
 - Level 1.5 Transmutations
 - Level 8.2 Earth Magic
 + Level 2.1 Invocations


You had 8 spell levels left.
You knew the following spells:

 Your Spells              Type           Power      Damage    Failure   Level
a - Sandblast             Erth           72%        2d16      1%          1
b - Passwall              Tmut/Erth      19%        N/A       2%          2
c - Stone Arrow           Conj/Erth      70%        3d11      1%          3

Your spell library contained the following spells:

 Spells                   Type           Power      Damage    Failure   Level
 Wereblood                Tmut           9%         N/A       11%         2
 Necrotise                Necr           12%        1d4       13%         1
 Petrify                  Tmut/Erth      23%        N/A       19%         4
 Sublimation of Blood     Necr           3%         N/A       21%         2
 Vampiric Draining        Necr           3%         2d6       36%         3
 Agony                    Necr           3%         N/A       98%         5
 Summon Hydra             Summ           1%         N/A       100%        7


Dungeon Overview and Level Annotations

Branches:
Dungeon (7/15) Zot: 4987   Temple (1/1) D:5 Zot: 853   Sewer (visited)

Altars:
Cheibriados
Elyvilon
Gozag
Makhleb
Uskayaw
Xom
The Shining One


Innate Abilities, Weirdness & Mutations

You passively map a small area around you.
You are easily found by Zot.
You glow in the dark.
You regain HP and MP as you explore.


Message History

Confirm with . or Enter, or press ? or * to list all spells.
Aiming: Stone Arrow (safe; 1% risk of failure)
Press: ? - help, Shift-Dir - straight line, f - orc priest
Aim: an orc priest, wielding a +0 morningstar (74% to hit)
The stone arrow hits the orc!!
You kill the orc!
Cheibriados thoroughly appreciates the change of pace.
The orc barely misses you. The ufetubus closely misses you.
The ufetubus hits you but does no damage.
Unknown command.
Casting: Stone Arrow (safe; 1% risk of failure)
Confirm with . or Enter, or press ? or * to list all spells.
Aiming: Stone Arrow (safe; 1% risk of failure)
Press: ? - help, Shift-Dir - straight line, f/p - orc priest
Aim: an orc priest, wielding a +0 morningstar (74% to hit)
The stone arrow hits the orc priest!
You kill the orc priest!
Cheibriados appreciates the change of pace.
The ufetubus hits you.
* * * LOW HITPOINT WARNING * * *
The ufetubus closely misses you.
The orc wizard gestures wildly while chanting.
The orc wizard flickers and vanishes!
Deactivating autopickup; reactivate with Ctrl-A.
The orc barely misses you.
Your Invocations skill increases to level 2!
Magic courses through your body. The ufetubus closely misses you.
The ufetubus misses you.
You hear some strange, mumbled words.
You are confused.
The orc hits you with a +0 hand axe.
* * * LOW HITPOINT WARNING * * *
The ufetubus closely misses you. The ufetubus misses you.
It was a potion of attraction.
You feel attractive to monsters. The ufetubus closely misses you.
The ufetubus hits you but does no damage.
A magic dart appears from out of thin air!
The magic dart hits you!
You die...

* * * ##. , #..# ##
##..# ..# #...##
#..###. * , *
#....########5......
*
#.....<....)@o......
*
##.......)..........
..
##..o....{..........
..
##.5..##......###...#
..##...######...##
..# .....o## #...# .#
....o## #..## * #
....## ..## * ....


You could see an orc and an ufetubus.

Vanquished Creatures
  An ice beast (D:6)
  A black bear (D:5)
  An ogre (D:4)
  A phantom (D:3)
  3 scorpions
  4 wights
  A howler monkey (D:7)
  3 hounds
  2 jellies
  An orc priest (D:6)
  2 sleepcaps (D:4)
  A hell rat (Sewer)
  An iguana (D:7)
  2 adders
  3 river rats (Sewer)
  2 worms (D:4)
  A dart slug (D:5)
  8 orcs
  A bat (D:3)
  A giant cockroach (D:4)
  A goblin (D:2)
  2 hobgoblins
  4 quokkas (D:4)
  9 rats
56 creatures vanquished.

Notes
Turn   | Place    | Note
-------+----------+-------------------------------------------
     0 | D:1      | redmage the Meteoran Earth Elementalist began the quest for
                  | the Orb.
     0 | D:1      | Reached XP level 1. HP: 14/14 MP: 5/5
    50 | D:2      | Reached XP level 2. HP: 17/20 MP: 1/6
    53 | D:2      | Learned a level 2 spell: Passwall
   104 | D:3      | Noticed a phantom
   114 | D:3      | Killed a phantom
   115 | D:3      | Reached skill level 5 in Earth Magic
   115 | D:3      | Reached XP level 3. HP: 15/26 MP: 1/8
   115 | D:3      | Reached XP level 4. HP: 19/33 MP: 1/9
   115 | D:3      | Reached XP level 5. HP: 21/38 MP: 1/10
   119 | D:3      | Learned a level 3 spell: Stone Arrow
   351 | D:4      | Reached skill level 1 in Conjurations
   351 | D:4      | Reached skill level 6 in Earth Magic
   369 | D:5      | Entered Level 5 of the Dungeon
   426 | D:4      | Noticed an ogre
   432 | D:4      | Killed an ogre
   433 | D:4      | Reached XP level 6. HP: 45/45 MP: 1/11
   502 | D:4      | Found a glowing drain.
   509 | Sewer    | Entered a sewer
   576 | Sewer    | Reached XP level 7. HP: 45/50 MP: 4/12
   658 | D:5      | Reached skill level 5 in Conjurations
   658 | D:5      | Reached skill level 7 in Earth Magic
   750 | D:5      | Found a staircase to the Ecumenical Temple.
   754 | Temple   | Entered the Ecumenical Temple
   776 | Temple   | Became a worshipper of Cheibriados the Contemplative
   842 | D:6      | Reached XP level 8. HP: 57/57 MP: 5/13
   884 | D:7      | Noticed a wyvern
   888 | D:6      | Reached skill level 8 in Earth Magic
   976 | D:7      | Reached skill level 1 in Invocations
   987 | D:7      | HP: 2/57 [wyvern (9)]
   996 | D:6      | Killed from afar by an orc wizard

Illustrated notes

Levels and vault maps discovered:
D:1:      eino_arrival_tree_alley, layout_rooms,
          shapermc_ecumenical_altar_rom_forum, nrook_uturn, grunt_decor_clamped,
          nicolae_nh_oracle_at_delphi
D:2:      layout_basic
D:3:      layout_basic, nicolae_overflow_hidden_temple, minmay_misc_feat_iff
D:4:      nicolae_BIG_FREAKIN_CUBE, layout_loops_corners,
          gup_sewer_entry_bubbles, nicolae_concentric_dashed_squares_mild
D:5:      layout_loops_cross, minmay_temple_entry_glassed_door,
          minmay_splitting_lines, amcnicky_mini_pool_small,
          chequers_serial_rivers_micro_e
D:6:      layout_layer_cave, uniq_blork_the_orc
D:7:      layout_cave_pools, minmay_hedge_maze
Temple:   hellmonk_temple_flake

Skill      XL: |  1  2  3  4  5  6  7  8 |
---------------+-------------------------+-----
Spellcasting   | 3 |  3.7
Earth Magic    | 5 6 7 8 |  8.2
Conjurations   | 3 4 6 7 |  7.8
Invocations    | 2 |  2.1
Dodging        | |  2.6
Stealth        | |  1.5
Transmutations | |  1.5

Action                     |  1- 3 |  4- 6 |  7- 9 || total
---------------------------+-------+-------+-------++-------
   Cast: Sandblast         |    12 |    30 |    24 ||    66
         Stone Arrow       |       |    11 |    25 ||    36
         Passwall          |       |     1 |     5 ||     6
    Use: Scroll            |       |     5 |     3 ||     8
         Potion            |       |       |     4 ||     4
 Armour: Robe              |       |     1 |     6 ||     7
  Dodge: Dodged            |     6 |     8 |    21 ||    35
